 Dungeon Sprint DCSS version 0.31-a0-408-gb642c7f9a3 (webtiles) character file.

Game seed: 17975369651615540477

2090 zazu2006 the Fighter (level 9, -1/84 HPs)
             Began as a Gnoll Wanderer on July 29, 2023.
             Was a Priest of Trog.
             Killed from afar by a gargoyle (17 damage)
             ... with a stone arrow
             ... in the Dungeon (Sprint IX: "|||||||||||||||||||||||||||||").
             The game lasted 00:02:32 (441 turns).

zazu2006 the Fighter (Gnoll Wanderer)                Turns: 441, Time: 00:02:32

Health: -1/84      AC:  5    Str: 18    XL:     9   Next: 27%
Magic:  18/20      EV: 16    Int: 10    God:    Trog [***...]
Gold:   0          SH:  0    Dex: 17    Spells: 23/23 levels left

rFire   + . .        l - +2 halberd of Midnight {freeze, rPois rF+ Str+6}
rCold   . . .        (shield currently unavailable)
rNeg    . . .        d - +0 robe
rPois   +            (no helmet)
rElec   .            n - +0 cloak
rCorr   .            (no gloves)
SInv    .            m - +0 pair of boots
Will    .....        (no amulet)
Stlth   +++++        (no ring)
HPRegen 0.34/turn    (no ring)
MPRegen 0.17/turn

%: no teleportation
@: hasted, very quick
A: fangs 1, strong nose, distributed training
a: Renounce Religion, Berserk, Trog's Hand


You were in the Dungeon.
You worshipped Trog.
Trog was most pleased with you.
You visited 1 branch

Inventory:

Hand Weapons
 a - a +3 dagger
 l - the +2 halberd of Midnight (weapon) {freeze, rPois rF+ Str+6}
   (You found it in the Dungeon)

   Str:       It affects your strength (+6).
   rF:        It protects you from fire.
   rPois:     It protects you from poison.
Armour
 d - a +0 robe (worn)
 m - a +0 pair of boots (worn)
 n - a +0 cloak (worn)
Jewellery
 o - a +2 ring of protection
 p - a +3 ring of strength
Wands
 k - a wand of quicksilver (10)
Scrolls
 b - 2 scrolls of fear
 j - 2 scrolls of blinking
Potions
 e - 4 potions of curing
 h - 4 potions of magic


   Skills:
 + Level 12.8 Fighting
 + Level 7.6 Short Blades
 + Level 7.6 Long Blades
 + Level 7.6 Axes
 + Level 7.6 Maces & Flails
 + Level 7.6 Polearms
 + Level 7.6 Staves
 + Level 7.6 Ranged Weapons
 + Level 8.1 Throwing
 + Level 7.6 Armour
 + Level 7.6 Dodging
 + Level 10.9 Stealth
 + Level 7.6 Shields
 + Level 7.6 Unarmed Combat
 + Level 7.6 Spellcasting
 + Level 6.3 Conjurations
 + Level 6.3 Hexes
 + Level 6.3 Summonings
 + Level 6.3 Necromancy
 + Level 6.3 Translocations
 + Level 6.3 Transmutations
 + Level 6.3 Fire Magic
 + Level 6.3 Ice Magic
 + Level 6.3 Air Magic
 + Level 6.3 Earth Magic
 + Level 6.3 Poison Magic
 + Level 8.3 Invocations
 + Level 7.6 Evocations
 + Level 6.3 Shapeshifting


You had 23 spell levels left.
You didn't know any spells.
Your spell library was empty.

Dungeon Overview and Level Annotations

Branches:
Dungeon (1/1)

Altars:
Cheibriados
Dithmenos
Elyvilon
Fedhas
Gozag
Hepliaklqana
Kikubaaqudgha
Makhleb
Nemelex Xobeh
Okawaru
Qazlal
Ru
Sif Muna
Trog
Uskayaw
Vehumet
Wu Jian
Xom
Yredelemnul
Zin
The Shining One
Jiyva
Lugonu


Innate Abilities, Weirdness & Mutations

You have very sharp teeth.
Your uncanny sense of smell can sniff out nearby items.
Your experience applies equally to all skills.


Message History

The deep elf pyromancer gestures wildly while chanting.
The deep elf pyromancer blinks!
You impale the brown ugly thing!! You freeze the brown ugly thing.
The brown ugly thing is almost dead.
You slash the brown ugly thing! You freeze the brown ugly thing.
You kill the brown ugly thing!
Trog accepts your kill.
The deep elf pyromancer gestures wildly while chanting.
The deep elf pyromancer blinks!
The deep elf pyromancer mumbles some strange words.
The deep elf pyromancer blinks!
Your Throwing skill increases to level 8!
Reach: l) +2 halberd of Midnight {freeze, rPois rF+ Str+6}
Press: ? - help, Dir - move target, f - gargoyle
Aim: a gargoyle, wielding a +0 mace (about 21% to evade the +2 halberd of Midnight)
You impale the gargoyle!! You freeze the gargoyle.
The gargoyle is almost destroyed.
The deep elf pyromancer mumbles some strange words.
The deep elf pyromancer blinks!
The gargoyle barely misses you.
You hit the gargoyle. You freeze the gargoyle.
The gargoyle is almost destroyed.
The gargoyle hits you with a +0 mace!
Unknown command.
You hit the gargoyle but do no damage.
You bite the gargoyle, but do no damage.
The gargoyle is almost destroyed.
Unknown command.
You completely miss the gargoyle.
The gargoyle is almost destroyed.
The deep elf pyromancer mumbles some strange words.
The deep elf pyromancer blinks!
The gargoyle hits you with a +0 mace!!
* * * LOW HITPOINT WARNING * * *
Unknown command.
You feel better. The gargoyle closely misses you.
Unknown command.
You barely miss the gargoyle.
The gargoyle is almost destroyed.
The gargoyle hurls a stone arrow at you.
The stone arrow hits you!
You die...

▓.▓
▓.▓
▓.▓
▓e▓
▓○▓
∆
▓E▓
∆
▓9▓
∆
▓@▓
∆
▓e▓
▓.▓
∆
▓.▓
▓.▓
∆
▓)▓
∆
▓'▓
∆
▓.▓
∆
▓.▓


You could see 2 deep elf pyromancers, a fire elemental (summoned) and a
gargoyle.

Vanquished Creatures
  A two-headed ogre (D)
  An ugly thing (D)
  2 kobold demonologists (D)
  A troll (D)
  A dream sheep (shapeshifter) (D)
  An acid dragon (D)
  An orc warrior (D)
  A howler monkey (D)
  An orc wizard (D)
  2 adders (D)
  A dart slug (D)
  An orc (D)
  A goblin (D)
  A quokka (D)
  2 frilled lizards (D)
  A rat (D)
19 creatures vanquished.

Notes
Turn   | Place    | Note
-------+----------+-------------------------------------------
     0 | D        | Reached skill level 10 in Fighting
     0 | D        | zazu2006 the Gnoll Wanderer began the quest for the Orb.
     0 | D        | zazu2006 set off with the following items: a +3 dagger, 2
                  | scrolls of fear, a potion of lignification, a +0 robe, a
                  | potion of curing, a potion of heal wounds, a potion of
                  | haste, 2 potions of magic, a potion of berserk rage, a
                  | scroll of blinking.
     0 | D        | Reached XP level 1. HP: 29/29 MP: 1/1
     8 | D        | Reached skill level 1 in Invocations
    12 | D        | Reached skill level 1 in Short Blades
    12 | D        | Reached skill level 1 in Long Blades
    12 | D        | Reached skill level 1 in Axes
    12 | D        | Reached skill level 1 in Maces & Flails
    12 | D        | Reached skill level 1 in Polearms
    12 | D        | Reached skill level 1 in Staves
    12 | D        | Reached skill level 1 in Ranged Weapons
    12 | D        | Reached skill level 1 in Armour
    12 | D        | Reached skill level 1 in Dodging
    12 | D        | Reached skill level 1 in Shields
    12 | D        | Reached skill level 1 in Unarmed Combat
    12 | D        | Reached skill level 1 in Spellcasting
    12 | D        | Reached skill level 1 in Evocations
    21 | D        | Noticed an orc wizard
    29 | D        | Reached XP level 2. HP: 20/36 MP: 3/3
    33 | D        | Reached skill level 1 in Conjurations
    33 | D        | Reached skill level 1 in Hexes
    33 | D        | Reached skill level 1 in Summonings
    33 | D        | Reached skill level 1 in Necromancy
    33 | D        | Reached skill level 1 in Translocations
    33 | D        | Reached skill level 1 in Transmutations
    33 | D        | Reached skill level 1 in Fire Magic
    33 | D        | Reached skill level 1 in Ice Magic
    33 | D        | Reached skill level 1 in Air Magic
    33 | D        | Reached skill level 1 in Earth Magic
    33 | D        | Reached skill level 1 in Poison Magic
    33 | D        | Reached skill level 1 in Shapeshifting
    37 | D        | Reached XP level 3. HP: 25/42 MP: 3/5
    71 | D        | Found a snail-covered altar of Cheibriados.
    71 | D        | Found a shadowy altar of Dithmenos.
    71 | D        | Found a white marble altar of Elyvilon.
    71 | D        | Found a blossoming altar of Fedhas.
    71 | D        | Found an opulent altar of Gozag.
    72 | D        | Found a hazy altar of Hepliaklqana.
    73 | D        | Found a viscous altar of Jiyva.
    74 | D        | Found an ancient bone altar of Kikubaaqudgha.
    75 | D        | Found a corrupted altar of Lugonu.
    76 | D        | Found a burning altar of Makhleb.
    77 | D        | Found a sparkling altar of Nemelex Xobeh.
    78 | D        | Found an iron altar of Okawaru.
    79 | D        | Found a stormy altar of Qazlal.
    80 | D        | Found a sacrificial altar of Ru.
    81 | D        | Found a shimmering blue altar of Sif Muna.
    82 | D        | Found a bloodstained altar of Trog.
    83 | D        | Found a hide-covered altar of Uskayaw.
    84 | D        | Found a radiant altar of Vehumet.
    85 | D        | Found an ornate altar of the Wu Jian Council.
    86 | D        | Found a shimmering altar of Xom.
    87 | D        | Found a basalt altar of Yredelemnul.
    88 | D        | Found a glowing silver altar of Zin.
    89 | D        | Found a glowing golden altar of the Shining One.
    90 | D        | Became a worshipper of Trog the Wrathful
   143 | D        | Got the +2 halberd of Midnight {freeze, rPois rF+ Str+6}
   167 | D        | Noticed an orc warrior
   167 | D        | Noticed a kobold demonologist
   167 | D        | Noticed a troll
   167 | D        | Noticed a kobold demonologist
   167 | D        | Noticed an acid dragon
   173 | D        | Killed an acid dragon
   174 | D        | Reached skill level 11 in Fighting
   174 | D        | Reached XP level 4. HP: 50/50 MP: 6/9
   174 | D        | Reached XP level 5. HP: 55/55 MP: 6/10
   177 | D        | Killed a kobold demonologist
   177 | D        | Reached * piety under Trog
   178 | D        | Reached skill level 5 in Short Blades
   178 | D        | Reached skill level 5 in Long Blades
   178 | D        | Reached skill level 5 in Axes
   178 | D        | Reached skill level 5 in Maces & Flails
   178 | D        | Reached skill level 5 in Polearms
   178 | D        | Reached skill level 5 in Staves
   178 | D        | Reached skill level 5 in Ranged Weapons
   178 | D        | Reached skill level 5 in Throwing
   178 | D        | Reached skill level 5 in Armour
   178 | D        | Reached skill level 5 in Dodging
   178 | D        | Reached skill level 5 in Shields
   178 | D        | Reached skill level 5 in Unarmed Combat
   178 | D        | Reached skill level 5 in Spellcasting
   178 | D        | Reached skill level 5 in Invocations
   178 | D        | Reached skill level 5 in Evocations
   178 | D        | Reached XP level 6. HP: 58/62 MP: 6/13
   183 | D        | Killed a troll
   184 | D        | Reached XP level 7. HP: 12/69 MP: 7/15
   197 | D        | Killed a kobold demonologist
   197 | D        | Reached ** piety under Trog
   198 | D        | Reached skill level 12 in Fighting
   198 | D        | Reached skill level 10 in Stealth
   198 | D        | Reached skill level 5 in Conjurations
   198 | D        | Reached skill level 5 in Hexes
   198 | D        | Reached skill level 5 in Summonings
   198 | D        | Reached skill level 5 in Necromancy
   198 | D        | Reached skill level 5 in Translocations
   198 | D        | Reached skill level 5 in Transmutations
   198 | D        | Reached skill level 5 in Fire Magic
   198 | D        | Reached skill level 5 in Ice Magic
   198 | D        | Reached skill level 5 in Air Magic
   198 | D        | Reached skill level 5 in Earth Magic
   198 | D        | Reached skill level 5 in Poison Magic
   198 | D        | Reached skill level 5 in Shapeshifting
   203 | D        | Reached XP level 8. HP: 16/76 MP: 10/17
   422 | D        | Noticed a deep elf pyromancer
   422 | D        | Noticed a gargoyle
   422 | D        | Noticed a brown ugly thing
   422 | D        | Noticed a deep elf pyromancer
   422 | D        | Noticed a dream sheep
   422 | D        | Noticed a two-headed ogre
   429 | D        | Killed a two-headed ogre
   430 | D        | Killed a dream sheep
   430 | D        | Reached *** piety under Trog
   431 | D        | Reached XP level 9. HP: 35/84 MP: 17/19
   435 | D        | Killed a brown ugly thing
   441 | D        | Killed from afar by a gargoyle

Illustrated notes

Levels and vault maps discovered:
D:        linesprint [early_d, line_temple, items_1, d_10, items_2, lair_1,
          lair_end, items_3, orc_1, orc_end, items_4, d_15, swamp_1, shoals_1,
          snake_1, spider_1, d_20, vaults_1, items_5, swamp_end, shoals_end,
          snake_end, spider_end, vaults_end, d_27, items_6, zot_1, zot_end,
          crypt_end, forest_end, elf_end, slime_end, tomb_end, abyss_end,
          pan_hell_end]

Skill      XL: |  1  2  3  4  5  6  7  8  9 |
---------------+----------------------------+-----
Fighting       | 11 12 | 12.8
Invocations    | 1 2 4 5 6 8 |  8.3
Short Blades   | 1 3 5 6 7 |  7.6
Long Blades    | 1 3 5 6 7 |  7.6
Axes           | 1 3 5 6 7 |  7.6
Maces & Flails | 1 3 5 6 7 |  7.6
Polearms       | 1 3 5 6 7 |  7.6
Staves         | 1 3 5 6 7 |  7.6
Ranged Weapons | 1 3 5 6 7 |  7.6
Armour         | 1 3 5 6 7 |  7.6
Dodging        | 1 3 5 6 7 |  7.6
Shields        | 1 3 5 6 7 |  7.6
Unarmed Combat | 1 3 5 6 7 |  7.6
Spellcasting   | 1 3 5 6 7 |  7.6
Evocations     | 1 3 5 6 7 |  7.6
Throwing       | 3 4 5 6 7 8 |  8.1
Conjurations   | 1 2 4 5 6 |  6.3
Hexes          | 1 2 4 5 6 |  6.3
Summonings     | 1 2 4 5 6 |  6.3
Necromancy     | 1 2 4 5 6 |  6.3
Translocations | 1 2 4 5 6 |  6.3
Transmutations | 1 2 4 5 6 |  6.3
Fire Magic     | 1 2 4 5 6 |  6.3
Ice Magic      | 1 2 4 5 6 |  6.3
Air Magic      | 1 2 4 5 6 |  6.3
Earth Magic    | 1 2 4 5 6 |  6.3
Poison Magic   | 1 2 4 5 6 |  6.3
Shapeshifting  | 1 2 4 5 6 |  6.3
Stealth        | 8 9 10 | 10.9

Action                     |  1- 3 |  4- 6 |  7- 9 || total
---------------------------+-------+-------+-------++-------
  Melee: Dagger            |    19 |       |       ||    19
         Bite              |     4 |     3 |     4 ||    11
         Halberd           |     4 |     9 |    35 ||    48
    Use: Potion            |     2 |     1 |     5 ||     8
   Stab: Sleeping          |     4 |       |       ||     4
         Invisible         |     1 |     4 |       ||     5
 Armour: Robe              |     2 |     2 |       ||     4
         Skin              |       |       |     4 ||     4
  Dodge: Dodged            |    11 |     8 |    19 ||    38

Table legend: (Time is in decaauts)
 A = Elapsed time spent in this place.
 B = Non-inter-level travel time spent in this place.
 C = Inter-level travel time spent in this place.
 D = Time resting spent in this place.
 E = Time spent auto-exploring this place.
 F = Levels seen in this place.
 G = Mean time per level.
                   A        B        C        D        E       F      G
               +--------+--------+--------+--------+--------+-----+--------+
         Total |    449 |    449 |      0 |    238 |     63 |   1 |  449.0 |
       Dungeon |    449 |    449 |      0 |    238 |     63 |   1 |  449.0 |
               +--------+--------+--------+--------+--------+-----+--------+

Top non-repeatable levels by time:
       D: 449 daAuts
